[ PARTIDA AOE2 · #506156067 ]
UnrankedJemeres vs Koreans
Equipo del jugador · VICT
Equipo rival · DERR
[ ANÁLISIS DE REPETICIÓN · EXTRAÍDO DE LA PARTIDA GRABADA ]
Feudal
12:39
Castillos
18:47
Imperial
41:11
| APM promedio | 33.2 |
| APM pico | 85 |
| eAPM promedio | 22.1 |
| Aldeanos / militares | 93 / 66 |
Foco
⚔️ 31.1% · 🌾 68.9%
Spearman ×48 · Mangonel ×7 · Battering Ram ×7 · Fishing Ship ×3 · Transport Ship ×2 · Trebuchet (Packed) ×2
Feudal
10:22
Castillos
24:51
Imperial
37:18
| APM promedio | 54.9 |
| APM pico | 162 |
| eAPM promedio | 22.2 |
| Aldeanos / militares | 55 / 41 |
Foco
⚔️ 22.3% · 🌾 77.7%
Fishing Ship ×14 · Knight ×12 · Fire Galley ×11 · Archer ×7 · Trebuchet (Packed) ×6 · Iron Pagoda ×3
Mapa de la partida
Recursos iniciales + cada clic de construcción. Líneas = muros · curvas = relieve. ◆ oro · ⬟ piedra · ● bayas · ✦ reliquia · ◌ hueco del cierre
Tu base· ✓ Separados por el mapa
Base de Janto&Balio· ✓ Separados por el mapa
Terreno inicial suavizado · ◌ = hueco del cierre detectado · pasá el cursor para detalles
Inputs por minuto
— [Telo] ~ Shelo the murder - - Janto&Balio
Build order — [Telo] ~ Shelo the murder
Primeras 150 de 248 acciones detectadas
| 0:00 | Encolar | Villager (Male) |
| 0:01 | Encolar | Villager (Male) |
| 0:01 | Encolar | Villager (Male) |
| 0:01 | Encolar | Villager (Male) |
| 0:31 | Construir | House |
| 0:32 | Construir | House |
| 1:29 | Encolar | Villager (Male) |
| 2:26 | Encolar | Villager (Male) |
| 2:40 | Encolar | Villager (Male) |
| 2:43 | Encolar | Villager (Male) |
| 3:03 | Construir | Dock |
| 3:20 | Encolar | Villager (Male) |
| 3:20 | Encolar | Villager (Male) |
| 3:48 | Construir | House |
| 3:53 | Construir | House |
| 4:09 | Encolar | Villager (Male) |
| 4:32 | Encolar | Villager (Male) |
| 4:35 | Encolar | Villager (Male) |
| 4:35 | Encolar | Villager (Male) |
| 4:58 | Encolar | Villager (Male) |
| 5:04 | Encolar | Fishing Ship |
| 5:40 | Encolar | Villager (Male) |
| 5:40 | Encolar | Villager (Male) |
| 6:13 | Encolar | Fishing Ship |
| 6:13 | Encolar | Fishing Ship |
| 6:26 | Construir | House |
| 6:39 | Construir | House |
| 6:41 | Encolar | Villager (Male) |
| 6:41 | Encolar | Villager (Male) |
| 7:17 | Construir | Lumber Camp |
| 7:31 | Encolar | Villager (Male) |
| 7:31 | Encolar | Villager (Male) |
| 7:57 | Encolar | Villager (Male) |
| 7:58 | Encolar | Villager (Male) |
| 7:59 | Investigar | Loom |
| 8:20 | Construir | Lumber Camp |
| 8:33 | Encolar | Villager (Male) |
| 8:37 | Investigar | Loom |
| 9:43 | Construir | Mining Camp |
| 10:24 | Construir | Farm |
| 10:25 | Construir | Farm |
| 10:29 | Investigar | Feudal Age |
| 10:34 | Encolar | Transport Ship |
| 11:57 | Construir | House |
| 11:58 | Construir | House |
| 12:06 | Construir | Farm |
| 12:08 | Construir | Farm |
| 12:39 | Edad | Edad Feudal |
| 12:42 | Encolar | Villager (Male) |
| 12:43 | Encolar | Villager (Male) |
| 12:43 | Encolar | Villager (Male) |
| 12:43 | Encolar | Villager (Male) |
| 13:18 | Encolar | Villager (Male) |
| 13:24 | Encolar | Villager (Male) |
| 13:30 | Construir | Farm |
| 13:32 | Construir | Farm |
| 13:34 | Construir | Farm |
| 13:59 | Encolar | Villager (Male) |
| 15:35 | Construir | Lumber Camp |
| 15:45 | Construir | Farm |
| 16:08 | Investigar | Castle Age |
| 16:13 | Encolar | Transport Ship |
| 16:40 | Investigar | Double-Bit Axe |
| 16:48 | Construir | Mill |
| 17:35 | Encolar | Villager (Male) |
| 17:37 | Investigar | Horse Collar |
| 18:17 | Encolar | Villager (Male) |
| 18:30 | Encolar | Villager (Male) |
| 18:47 | Edad | Edad de los Castillos |
| 19:13 | Construir | Town Center |
| 19:41 | Construir | Town Center |
| 20:00 | Encolar | Villager (Male) |
| 20:26 | Encolar | Villager (Male) |
| 21:04 | Encolar | Villager (Male) |
| 21:05 | Encolar | Villager (Male) |
| 21:27 | Construir | Siege Workshop |
| 21:37 | Construir | House |
| 21:38 | Construir | House |
| 21:39 | Construir | House |
| 21:40 | Construir | House |
| 21:45 | Encolar | Villager (Male) |
| 21:47 | Investigar | Wheelbarrow |
| 21:48 | Encolar | Villager (Male) |
| 21:57 | Encolar | Mangonel |
| 21:57 | Encolar | Mangonel |
| 22:15 | Encolar | Mangonel |
| 22:23 | Encolar | Villager (Male) |
| 22:30 | Construir | University |
| 22:35 | Construir | House |
| 22:36 | Construir | House |
| 23:14 | Encolar | Villager (Male) |
| 23:14 | Encolar | Villager (Male) |
| 23:14 | Encolar | Villager (Male) |
| 23:27 | Encolar | Villager (Male) |
| 23:34 | Encolar | Villager (Male) |
| 23:41 | Encolar | Villager (Male) |
| 23:42 | Encolar | Villager (Male) |
| 24:08 | Encolar | Villager (Male) |
| 24:08 | Encolar | Villager (Male) |
| 24:15 | Construir | Castle |
| 24:52 | Encolar | Villager (Male) |
| 24:52 | Encolar | Villager (Male) |
| 25:00 | Construir | Mining Camp |
| 25:20 | Encolar | Villager (Male) |
| 25:20 | Encolar | Villager (Male) |
| 25:44 | Encolar | Villager (Male) |
| 25:45 | Encolar | Villager (Male) |
| 25:54 | Construir | Market |
| 25:56 | Construir | House |
| 25:56 | Construir | House |
| 26:33 | Encolar | Mangonel |
| 27:17 | Encolar | Villager (Male) |
| 27:17 | Encolar | Villager (Male) |
| 27:34 | Construir | Barracks |
| 27:37 | Encolar | Mangonel |
| 27:51 | Encolar | Villager (Male) |
| 27:51 | Encolar | Villager (Male) |
| 27:52 | Encolar | Villager (Male) |
| 27:54 | Encolar | Villager (Male) |
| 28:14 | Investigar | Pikeman (upgrade) |
| 28:17 | Construir | Barracks |
| 28:23 | Construir | Stone Wall |
| 28:27 | Construir | House |
| 28:56 | Encolar | Spearman ×5 |
| 29:20 | Encolar | Battering Ram |
| 29:20 | Encolar | Battering Ram |
| 29:22 | Encolar | Spearman |
| 29:23 | Encolar | Spearman |
| 29:25 | Encolar | Spearman |
| 29:25 | Encolar | Spearman |
| 29:48 | Encolar | Spearman |
| 29:53 | Encolar | Battering Ram |
| 29:54 | Encolar | Spearman |
| 30:23 | Encolar | Spearman |
| 30:38 | Construir | Castle |
| 30:46 | Encolar | Spearman |
| 31:00 | Construir | Castle |
| 31:09 | Construir | Castle |
| 31:23 | Encolar | Villager (Male) |
| 31:23 | Encolar | Villager (Male) |
| 31:39 | Encolar | Spearman |
| 31:40 | Encolar | Spearman |
| 31:41 | Encolar | Battering Ram |
| 32:04 | Construir | Mining Camp |
| 32:21 | Construir | Mining Camp |
| 32:23 | Encolar | Villager (Male) |
| 32:23 | Encolar | Villager (Male) |
| 32:34 | Encolar | Villager (Male) |
| 32:40 | Encolar | Spearman |
| 32:40 | Encolar | Spearman |
Build order — Janto&Balio
Primeras 150 de 172 acciones detectadas
| 0:00 | Encolar | Villager (Male) |
| 0:01 | Encolar | Villager (Male) |
| 0:01 | Encolar | Villager (Male) |
| 0:02 | Construir | House |
| 0:04 | Construir | House |
| 0:57 | Encolar | Villager (Male) |
| 0:58 | Encolar | Villager (Male) |
| 1:33 | Encolar | Villager (Male) |
| 1:51 | Construir | Lumber Camp |
| 1:56 | Encolar | Villager (Male) |
| 2:22 | Encolar | Villager (Male) |
| 2:22 | Encolar | Villager (Male) |
| 2:48 | Encolar | Villager (Male) |
| 3:18 | Encolar | Villager (Male) |
| 3:42 | Encolar | Villager (Male) |
| 3:42 | Encolar | Villager (Male) |
| 3:53 | Construir | House |
| 3:53 | Construir | House |
| 4:12 | Encolar | Villager (Male) |
| 5:03 | Encolar | Villager (Male) |
| 5:03 | Encolar | Villager (Male) |
| 5:03 | Encolar | Villager (Male) |
| 5:13 | Construir | Dock |
| 6:01 | Investigar | Loom |
| 6:04 | Encolar | Villager (Male) |
| 6:12 | Encolar | Fishing Ship |
| 6:12 | Encolar | Fishing Ship |
| 6:39 | Encolar | Villager (Male) |
| 7:04 | Encolar | Fishing Ship |
| 7:05 | Encolar | Fishing Ship |
| 7:07 | Encolar | Villager (Male) |
| 7:32 | Encolar | Villager (Male) |
| 7:52 | Encolar | Villager (Male) |
| 7:57 | Encolar | Fishing Ship |
| 8:12 | Investigar | Feudal Age |
| 8:12 | Investigar | Feudal Age |
| 9:11 | Construir | Mining Camp |
| 9:23 | Construir | House |
| 9:25 | Construir | House |
| 9:48 | Encolar | Fishing Ship |
| 9:48 | Encolar | Fishing Ship |
| 9:56 | Encolar | Fishing Ship |
| 10:09 | Encolar | Villager (Male) |
| 10:12 | Investigar | Loom |
| 10:16 | Construir | House |
| 10:22 | Edad | Edad Feudal |
| 10:29 | Encolar | Transport Ship |
| 10:38 | Investigar | Double-Bit Axe |
| 10:40 | Encolar | Villager (Male) |
| 11:01 | Encolar | Villager (Male) |
| 11:10 | Construir | Mill |
| 11:27 | Encolar | Fire Galley |
| 11:27 | Encolar | Fire Galley |
| 11:28 | Encolar | Fire Galley |
| 11:37 | Encolar | Villager (Male) |
| 12:00 | Construir | Dock |
| 12:04 | Encolar | Villager (Male) |
| 12:15 | Encolar | Villager (Male) |
| 12:15 | Encolar | Villager (Male) |
| 12:31 | Encolar | Fire Galley |
| 12:31 | Encolar | Fire Galley |
| 12:31 | Encolar | Fire Galley |
| 12:52 | Encolar | Villager (Male) |
| 12:59 | Encolar | Fishing Ship |
| 12:59 | Encolar | Fishing Ship |
| 13:06 | Construir | House |
| 13:08 | Construir | House |
| 13:41 | Encolar | Villager (Male) |
| 13:47 | Encolar | Fishing Ship |
| 13:58 | Encolar | Fire Galley |
| 13:59 | Encolar | Fire Galley |
| 13:59 | Encolar | Fire Galley |
| 14:04 | Encolar | Villager (Male) |
| 14:14 | Construir | House |
| 14:15 | Construir | House |
| 14:17 | Construir | House |
| 14:26 | Investigar | Wheelbarrow |
| 14:33 | Construir | Lumber Camp |
| 14:54 | Encolar | Villager (Male) |
| 15:58 | Encolar | Fishing Ship |
| 16:00 | Encolar | Villager (Male) |
| 16:42 | Encolar | Fire Galley |
| 16:43 | Encolar | Fire Galley |
| 17:35 | Encolar | Villager (Male) |
| 17:35 | Encolar | Villager (Male) |
| 19:07 | Construir | Watch Tower |
| 19:13 | Construir | House |
| 19:15 | Construir | House |
| 19:18 | Construir | House |
| 19:27 | Construir | House |
| 19:51 | Encolar | Villager (Male) |
| 19:52 | Encolar | Villager (Male) |
| 20:06 | Construir | Watch Tower |
| 20:14 | Construir | House |
| 20:19 | Construir | House |
| 21:01 | Construir | Market |
| 21:30 | Encolar | Villager (Male) |
| 21:30 | Encolar | Villager (Male) |
| 21:30 | Encolar | Villager (Male) |
| 21:33 | Construir | Mining Camp |
| 21:49 | Construir | Blacksmith |
| 22:06 | Construir | Watch Tower |
| 22:12 | Investigar | Castle Age |
| 22:32 | Construir | Watch Tower |
| 22:38 | Investigar | Fletching |
| 24:09 | Construir | Watch Tower |
| 24:51 | Edad | Edad de los Castillos |
| 24:59 | Construir | Barracks |
| 25:41 | Construir | Stable |
| 26:14 | Encolar | Knight |
| 26:14 | Encolar | Knight |
| 26:15 | Encolar | Knight |
| 26:18 | Construir | Siege Workshop |
| 26:26 | Encolar | Villager (Male) |
| 26:26 | Encolar | Villager (Male) |
| 26:26 | Encolar | Villager (Male) |
| 26:26 | Encolar | Villager (Male) |
| 26:31 | Construir | Mining Camp |
| 26:41 | Encolar | Iron Pagoda |
| 26:41 | Encolar | Iron Pagoda |
| 26:42 | Encolar | Iron Pagoda |
| 26:59 | Investigar | Scale Barding Armor |
| 27:48 | Construir | Castle |
| 29:57 | Construir | Market |
| 30:09 | Investigar | Town Watch |
| 30:59 | Construir | Castle |
| 31:15 | Encolar | Knight |
| 31:15 | Encolar | Knight |
| 31:15 | Encolar | Knight |
| 32:29 | Construir | Town Center |
| 34:08 | Investigar | Imperial Age |
| 34:21 | Construir | Castle |
| 34:30 | Construir | Palisade Wall |
| 35:31 | Encolar | Villager (Male) |
| 35:31 | Encolar | Villager (Male) |
| 35:31 | Encolar | Villager (Male) |
| 35:31 | Encolar | Villager (Male) |
| 35:32 | Encolar | Villager (Male) |
| 35:32 | Encolar | Villager (Male) |
| 36:47 | Construir | Castle |
| 37:18 | Edad | Edad Imperial |
| 37:27 | Encolar | Trebuchet (Packed) |
| 38:15 | Encolar | Trebuchet (Packed) |
| 40:13 | Encolar | Trebuchet (Packed) |
| 40:14 | Encolar | Trebuchet (Packed) |
| 40:14 | Encolar | Trebuchet (Packed) |
| 40:24 | Encolar | Fishing Ship |
| 40:25 | Encolar | Fishing Ship |
| 40:28 | Encolar | Transport Ship |
| 41:43 | Encolar | Trebuchet (Packed) |
Cronología de la partida
| 3:03 | [Telo] ~ Shelo the murder · first_building Dock |
| 5:13 | Janto&Balio · first_building Dock |
| 10:22 | Janto&Balio · age_up feudal |
| 12:39 | [Telo] ~ Shelo the murder · age_up feudal |
| 18:47 | [Telo] ~ Shelo the murder · age_up castle |
| 21:27 | [Telo] ~ Shelo the murder · first_building Siege Workshop |
| 21:37 | Janto&Balio · first_market_sell 100 wood |
| 22:01 | Janto&Balio · first_market_buy 100 stone |
| 24:15 | [Telo] ~ Shelo the murder · first_building Castle |
| 24:51 | Janto&Balio · age_up castle |
| 24:59 | Janto&Balio · first_building Barracks |
| 25:41 | Janto&Balio · first_building Stable |
| 26:18 | Janto&Balio · first_building Siege Workshop |
| 27:34 | [Telo] ~ Shelo the murder · first_building Barracks |
| 27:48 | Janto&Balio · first_building Castle |
| 28:23 | [Telo] ~ Shelo the murder · wall_segment Stone Wall x5 |
| 34:30 | Janto&Balio · wall_segment Palisade Wall x1 |
| 36:21 | [Telo] ~ Shelo the murder · first_market_buy 100 stone |
| 37:18 | Janto&Balio · age_up imperial |
| 41:11 | [Telo] ~ Shelo the murder · age_up imperial |
| 42:04 | [Telo] ~ Shelo the murder · first_market_sell 100 food |
| 42:50 | Janto&Balio · first_building Archery Range |
| 45:14 | Janto&Balio · resign |
[ ANÁLISIS IA · 1 CRÉDITO ]
¿Qué pasó realmente en esta partida?
Wolo.gg analiza cada decisión: build order, eco, micro, errores típicos por bracket. Análisis personalizado por WhatsApp o Discord en 30 segundos.
Guía civ
Jemeres
Perfil
[Telo] ~ Shelo the murder